 Dungeon Crawl Stone Soup version 0.28.0-49-g6dfe1f597d (webtiles) character file.

Game seed: 6701179410810016972

556 Zeld the Shield-Bearer (level 7, -4/66 HPs)
             Began as a Deep Dwarf Fighter on May 17, 2022.
             Slain by an ogre
             ... wielding a +0 giant club
              (7 damage)
             ... on level 5 of the Dungeon.
             The game lasted 00:02:35 (1206 turns).

Zeld the Shield-Bearer (Deep Dwarf Fighter)         Turns: 1206, Time: 00:02:36

Health: -4/66      AC:  8    Str: 21    XL:     7   Next: 8%
Magic:  2/2        EV: 10    Int:  9    God:
Gold:   123        SH:  5    Dex: 12    Spells: 6/6 levels left

rFire   . . .      SeeInvis .   a - +0 war axe
rCold   . . .      Faith    .   q - +0 buckler
rNeg    . . .      Spirit   .   b - +0 scale mail
rPois   .          Reflect  .   n - +0 helmet
rElec   .          Harm     .   (no cloak)
rCorr   .          Rampage  .   (no gloves)
Will    +....                   (no boots)
Stlth   ..........              (no amulet)
HPRegen 0.00/turn               (no ring)
MPRegen 0.08/turn               (no ring)

@: lethally poisoned (-4 -> -4)
A: damage resistance, heal wounds, sense surroundings 1, no regeneration
a: Heal Wounds


You were on level 5 of the Dungeon.
You visited 1 branch of the dungeon, and saw 5 of its levels.

You collected 123 gold pieces.

Inventory:

Hand Weapons
 a - a +0 war axe (weapon)
Armour
 b - a +0 scale mail (worn)
 n - a +0 helmet (worn)
 q - a +0 buckler (worn)
Wands
 i - a wand of acid (8)
 l - a wand of polymorph (6)
Scrolls
 e - 2 scrolls of identify {unknown}
 h - 3 scrolls of teleportation {unknown}
 k - 3 scrolls of immolation {unknown}
 m - a scroll of brand weapon {unknown}
Potions
 d - a potion of might
 f - a potion of berserk rage {unknown}
 g - 2 potions of curing {unknown}
 j - a potion of invisibility {unknown}


   Skills:
 * Level 4.3 Fighting
 * Level 4.6 Axes
 + Level 4.3 Armour
 + Level 2.5 Dodging
 * Level 5.3 Shields


You had 6 spell levels left.
You didn't know any spells.
Your spell library was empty.

Dungeon Overview and Level Annotations

Branches:
Dungeon (5/15)             Temple (0/1) D:5

Altars:
Ashenzari
The Shining One


Innate Abilities, Weirdness & Mutations

You are resistant to damage.
You can heal yourself by infusing magical energy.
You passively map a small area around you.
You do not regenerate.


Message History

The sky beast hits you but does no damage.
Found a cloak.
An ogre comes into view. It is wielding a +0 giant club.
The adder bites you but does no damage.
Found a staircase to the Ecumenical Temple.
The ogre closely misses you.
Cleave: a) +0 war axe
Press: ? - help, Dir - move target, f - ogre
Aim: an ogre, wielding a +0 giant club (about 26% to evade your +0 war axe)
Okay, then.
You don't know any spells.
Cleave: a) +0 war axe
Press: ? - help, Dir - move target, f - ogre
Aim: an ogre, wielding a +0 giant club (about 26% to evade your +0 war axe)
You hit the ogre but do no damage. You closely miss the adder.
You barely miss the sky beast. The adder bites you.
* * * LOW HITPOINT WARNING * * *
You are poisoned.
The adder poisons you! The adder misses you.
The sky beast hits you but does no damage.
The ogre barely misses you.
Unknown command.
Cleave: a) +0 war axe
Press: ? - help, Dir - move target, f/p - ogre
Aim: an ogre, wielding a +0 giant club (about 26% to evade your +0 war axe)
You hit the ogre.
The ogre is lightly wounded.
You hit the sky beast. You closely miss the adder.
The adder bites you but does no damage. The sky beast closely misses you.
The adder closely misses you. The ogre barely misses you.
Unknown command.
Cleave: a) +0 war axe
Press: ? - help, Dir - move target, f/p - ogre
Aim: an ogre, wielding a +0 giant club (lightly wounded, about 26% to evade your +0 war axe)
You slash the ogre!
The ogre is heavily wounded.
You closely miss the sky beast. You hit the adder.
The adder bites you but does no damage. You block the sky beast's attack.
The ogre hits you with a +0 giant club!
You die...

,* .8 #.# ##...##
>.8##.#####..## ..
..#.......### , * .8*
#..#.....#.. #.
##.#####.#.##..#.#
#..####..##..........#.#
............##.#.###.#.#
,#..[.O.######.#.###....
* * #@S...............
#...Y........###...≈ *
#.########.### #....
...* #.#* #.... **###**
#.. ...... #######....
#.... #.... *


You could see a sky beast, an ogre and an adder.

Vanquished Creatures
  A sky beast (D:4)
  An ogre (D:5)
  A scorpion (D:4)
  A jelly (D:4)
  An orc priest (D:4)
  A centaur skeleton (D:4)
  2 orc wizards (D:4)
  2 iguanas
  Ijyb (D:4)
  A hound skeleton (D:4)
  4 adders (D:2)
  8 orcs
  5 ball pythons
  An endoplasm (D:1)
  2 giant cockroaches (D:1)
  4 goblins
  8 hobgoblins
  2 jackals (D:1)
  5 quokkas
  2 bats (D:1)
  5 frilled lizards
  4 kobolds
  10 rats
72 creatures vanquished.

Notes
Turn   | Place    | Note
-------+----------+-------------------------------------------
     0 | D:1      | Zeld the Deep Dwarf Fighter began the quest for the Orb.
     0 | D:1      | Reached XP level 1. HP: 20/20 MP: 1/1
    50 | D:1      | Found a faded altar of an unknown god.
   134 | D:1      | Reached XP level 2. HP: 24/27 MP: 2/2
   371 | D:1      | Reached XP level 3. HP: 28/34 MP: 3/3
   411 | D:2      | Reached skill level 1 in Dodging
   411 | D:2      | Reached skill level 4 in Shields
   411 | D:2      | Reached XP level 4. HP: 33/42 MP: 3/3
   657 | D:4      | Noticed Ijyb
   665 | D:4      | Reached XP level 5. HP: 47/49 MP: 3/3
   670 | D:4      | Killed Ijyb
   743 | D:4      | Noticed a sky beast
   767 | D:4      | Found a broken altar of Ashenzari.
   774 | D:4      | Killed a sky beast
   775 | D:4      | Reached XP level 6. HP: 25/57 MP: 3/3
   851 | D:4      | Reached skill level 5 in Shields
  1009 | D:4      | Found a glowing golden altar of the Shining One.
  1106 | D:5      | Entered Level 5 of the Dungeon
  1122 | D:5      | Reached XP level 7. HP: 33/66 MP: 2/2
  1203 | D:5      | Found a staircase to the Ecumenical Temple.
  1204 | D:5      | HP: 3/66 [adder (1)]
  1206 | D:5      | Slain by an ogre

Illustrated notes

Levels and vault maps discovered:
D:1:      dpeg_arrival_tiny_c, layout_loops_ring, ebering_ecumenical_altar_hall,
          st_stairs_14
D:2:      layout_rooms, chequers_serial_rivers_micro_a
D:3:      layout_rooms, roderic_lattice_a, kennysheep_donut, st_stairs_14,
          kennysheep_generic_room_5
D:4:      layout_basic, mainiacjoe_overflow_24_doors,
          cheibrodos_ashenzari_chains, uniq_ijyb
D:5:      layout_loops_ring, minmay_temple_entry_statues

Skill      XL: |  1  2  3  4  5  6 |
---------------+-------------------+-----
Fighting       | 3 4 |  4.3
Axes           | 3 4 |  4.6
Dodging        | 1 2 |  2.5
Shields        | 4 5 |  5.3
Armour         | 4 |  4.3

Action                   |  1- 3 |  4- 6 |  7- 9 || total
-------------------------+-------+-------+-------++-------
Melee: War axe           |    77 |   129 |     4 ||   210
 Abil: Heal Wounds       |     1 |     9 |       ||    10
Armor: Scale mail        |    32 |    60 |    39 ||   131
Dodge: Dodged            |    32 |    58 |    34 ||   124
Block: Buckler           |    20 |    32 |    10 ||    62
